 Dungeon Crawl Stone Soup version 0.17.0-28-g6e173f8 (webtiles) character file.

150 dohliylev the Sneak (level 5, -1/39 HPs)
             Began as a Vampire Assassin on Dec 1, 2015.
             Slain by an orc warrior
             ... wielding a +0 war axe
              (24 damage)
             ... on level 3 of the Dungeon.
             The game lasted 00:09:33 (2106 turns).

dohliylev the Sneak (Vampire Assassin)              Turns: 2106, Time: 00:09:33

Health: -1/39      AC:  3    Str: 10    XL:     5   Next: 10%
Magic:  5/5        EV: 10    Int: 14    God:
Gold:   154        SH:  0    Dex: 18    Spells: 0 memorised, 4 levels left

rFire  . . .     SeeInvis +     s - +3 dagger
rCold  . . .     Clarity  .     c - +0 robe
rNeg   . . .     SustAt   .     (no shield)
rPois  .         Gourm    .     (no helmet)
rElec  .         Spirit   .     d - +0 cloak
rCorr  .         Warding  .     (no gloves)
rMut   .         Stasis   .     (no boots)
MR     .....                    (no amulet)
Stlth  ++++......               o - -3 ring of evasion (curse)
                                h - +2 ring of dexterity

@: regenerating quickly, not resistant to hostile enchantments, stealthy
A: fangs 3, see invisible, unbreathing
a: no special abilities


You were on level 3 of the Dungeon.
You were very full.

You visited 1 branch of the dungeon, and saw 3 of its levels.

You collected 154 gold pieces.

Inventory:

Hand Weapons
 b - a +0 blowgun
 s - a +3 dagger (weapon)
Missiles
 e - 45 poisoned needles
 f - 2 curare-tipped needles
Armour
 a - a +0 pair of gloves
 c - a +0 robe (worn)
 d - a +0 cloak (worn)
Jewellery
 h - a +2 ring of dexterity (left hand)
 o - a cursed -3 ring of evasion (right hand)
Scrolls
 j - a scroll of random uselessness {unknown}
 k - a scroll of enchant weapon {unknown}
 l - 2 scrolls of identify {unknown}
 m - a scroll of immolation {unknown}
 q - a scroll of recharging {unknown}
Potions
 g - 14 potions of blood
 i - a potion of ambrosia {unknown}
 n - a potion of resistance {unknown}
 p - a potion of curing {unknown}
 r - a potion of brilliance {unknown}


   Skills:
 * Level 2.5 Fighting
 + Level 3.0 Short Blades
 + Level 1.8 Throwing
 * Level 2.4 Dodging
 + Level 7.7 Stealth


You had 4 spell levels left.
You didn't know any spells.

Dungeon Overview and Level Annotations

Branches:
Dungeon (3/15)

Altars:
Elyvilon
Kikubaaqudgha
Qazlal
The Shining One


Innate Abilities, Weirdness & Mutations

Your natural rate of healing is unusually fast.
You have razor-sharp teeth.
You have supernaturally acute eyesight.
You can survive without breathing.


Message History

You shoot a poisoned needle.
The poisoned needle hits the orc warrior!
The orc warrior is poisoned.
Wield which item (- for none, * to show all)? (? for menu, Esc to quit)
You can't wield armour.
Wield which item (- for none, * to show all)? (? for menu, Esc to quit)
s - a +3 dagger (weapon)
You hit the orc warrior but do no damage.
The orc warrior is moderately wounded.
The orc warrior hits you with a war axe!
You hit the orc warrior.
The orc warrior is heavily wounded.
The orc warrior closely misses you.
You hit the orc warrior.
The orc warrior is severely wounded.
You hit the orc warrior but do no damage.
The orc warrior is severely wounded.
The orc warrior hits you with a war axe!!
Ouch! That really hurt!
You die...

#.# #.# #.#.## #+#
#.# #....# #.#
###..# #.#####..#
#........#
..####....#######.
+..........>....
####....#######.
##@### #o# #.# #.#
# #.#
#.#########.#
#(.).(......#
#...###.##.###
#.... #.##.#


You could see an orc warrior.

Vanquished Creatures
  An orc priest (D:3)
  5 adders
  An ooze (D:3)
  2 giant geckos
  5 orcs (D:3)
  2 ball pythons (D:2)
  3 giant cockroaches
  7 goblins
  12 hobgoblins
  6 jackals (D:2)
  3 quokkas
  4 bats
  2 giant newts (D:2)
  9 kobolds
  3 rats
65 creatures vanquished.

Notes
Turn   | Place    | Note
--------------------------------------------------------------
     0 | D:1      | dohliylev the Vampire Assassin began the quest for the Orb.
     0 | D:1      | Reached XP level 1. HP: 16/16 MP: 1/1
    10 | D:1      | Reached skill level 6 in Stealth
   139 | D:1      | Reached XP level 2. HP: 12/22 MP: 2/2
   275 | D:1      | Found a glowing golden altar of the Shining One.
   619 | D:2      | Reached XP level 3. HP: 27/27 MP: 3/3
   960 | D:2      | Reached skill level 7 in Stealth
   966 | D:2      | Found a white marble altar of Elyvilon.
  1227 | D:2      | Reached XP level 4. HP: 22/33 MP: 4/4
  1555 | D:3      | Found an ancient bone altar of Kikubaaqudgha.
  1558 | D:3      | Found a stormy altar of Qazlal.
  1898 | D:3      | Reached XP level 5. HP: 22/39 MP: 5/5
  2080 | D:3      | Noticed an orc warrior
  2106 | D:3      | Slain by an orc warrior

Action                   |  1- 3 |  4- 6 || total
-------------------------+-------+-------++-------
Melee: Dagger            |    79 |    73 ||   152
 Fire: Blowgun           |       |     8 ||     8
  Use: Potion            |       |     9 ||     9
 Stab: Sleeping          |    19 |     5 ||    24
       Distracted        |       |     1 ||     1
  Eat: Corpse            |     1 |     3 ||     4
